 Dungeon Crawl Stone Soup version 0.25-a0-424-g80bd347ae0 (webtiles) character file.

Game seed: 2099315349640658333, levelgen mode: deterministic

316 Lugonue the Insei (level 6, 0/44 HPs)
             Began as a Barachi Transmuter on Jan 21, 2020.
             Succumbed to an adder's poison
             ... on level 4 of the Dungeon.
             The game lasted 00:10:45 (2486 turns).

Lugonue the Insei (Barachi Transmuter)              Turns: 2486, Time: 00:10:46

Health: 0/44       AC:  3    Str: 16 (18) XL:     6   Next: 44%
Magic:  10/10      EV: 13    Int: 16 (18) God:
Gold:   234        SH:  0    Dex: 10 (13) Spells: 7/11 levels left

rFire    . . .     SeeInvis .     - Unarmed
rCold    . . .     Gourm    .   (no shield)
rNeg     + . .     Faith    .   b - +1 robe
rPois    .         Spirit   .   (no helmet)
rElec    .         Reflect  .   (no cloak)
rCorr    .         Harm     .   (no gloves)
MR       .....                  (no boots)
Stlth    +++.......             (no amulet)
HPRegen  0.14/turn              q - ring of positive energy
MPRegen  0.12/turn              o - ring of stealth

@: mighty, brilliant, lethally poisoned (0 -> -5), berserk cooldown, very
slightly contaminated, hasted and slowed, slow
A: +LOS, swims, slowness 1, strong legs 1
a: Hop


You were on level 4 of the Dungeon.
You were hungry.

You visited 1 branch of the dungeon, and saw 4 of its levels.

You collected 234 gold pieces.

Inventory:

Missiles
 a - 73 arrows
Armour
 b - a +1 robe (worn)
Jewellery
 h - an uncursed ring of flight
 o - a ring of stealth (right hand)
 q - a ring of positive energy (left hand)
Scrolls
 e - 8 scrolls of enchant armour
 j - 4 scrolls of remove curse
 l - 2 scrolls of identify
Comestibles
 d - 7 rations


   Skills:
 + Level 1.8 Fighting
 + Level 3.2 Dodging
 + Level 1.6 Stealth
 + Level 5.8 Unarmed Combat
 + Level 3.0 Spellcasting
 + Level 3.0 Transmutations
 + Level 0.7 Poison Magic


You had 7 spell levels left.
You knew the following spells:

 Your Spells              Type           Power        Failure   Level  Hunger
a - Beastly Appendage     Tmut           ###...       1%          1    #......
b - Spider Form           Tmut/Pois      ###.......   3%          3    ###....

Your spell library contained the following spells:

 Spells                   Type           Power        Failure   Level  Hunger
 Sticks to Snakes         Tmut           ###.....     1%          2    ##.....
 Ice Form                 Ice/Tmut       ###.....     11%         4    #####..
 Blade Hands              Tmut           ###.......   16%         5    ######.


Dungeon Overview and Level Annotations

Branches:
Dungeon (4/15)
 Temple: D:4-7

Altars:
Elyvilon
Kikubaaqudgha


Innate Abilities, Weirdness & Mutations

You can be seen from farther away. (+LOS)
You can swim through water.
You cover ground slowly.
You can hop short distances.


Message History

Press: ? - help, Dir - move target cursor You are very lightly contaminated with residual magic.
As you read the scroll labeled WYGUSHR WIQA, it crumbles to dust.
It was a scroll of blinking. 2 orcs come into view.
Your talons disappear.
* * * LOW HITPOINT WARNING * * *
You feel sick.
Found a leather armour and a hunting sling.
Okay, then.
You aren't carrying any potions.
Unknown command.
You're wearing all the rings you can.
Remove which one? (? for menu, Esc to cancel) < or
h - a ring of flight; > or
o - a ring of stealth You remove your ring of flight.
q - a ring of positive energy (left hand)
* * * LOW HITPOINT WARNING * * *
You feel sick.
You die...

#.....#.#...#.
#..#>...'...##
#.....#.#.....
#######....##.#....#
#.......#...).#....#
#.......#..#########
#...$...#.†.§§§§§§..
#.......#.##########
#..@..........
#####.........
#...[......
#...........
#..........o..
#...[........[..
#.....).....o.....
#...............
#...............


You could see an orc (wandering).

Vanquished Creatures
  A phantom (D:4)
  A howler monkey (D:4)
  An orc priest (D:4)
  Jessica (D:3)
  5 adders
  An ooze (D:3)
  3 worms
  A dart slug (D:4)
  A leopard gecko (D:1)
  6 orcs
  12 bats
  9 goblins
  6 hobgoblins
  5 jackals
  6 frilled lizards
  9 kobolds
  8 rats
76 creatures vanquished.

Notes
Turn   | Place    | Note
-------+----------+-------------------------------------------
     0 | D:1      | Lugonue the Barachi Transmuter began the quest for the Orb.
     0 | D:1      | Reached XP level 1. HP: 15/15 MP: 3/3
    88 | D:1      | Reached XP level 2. HP: 16/21 MP: 5/5
   464 | D:1      | Reached skill level 4 in Unarmed Combat
   551 | D:1      | Reached XP level 3. HP: 21/26 MP: 4/6
   859 | D:2      | Found a white marble altar of Elyvilon.
  1085 | D:2      | Learned a level 3 spell: Spider Form
  1420 | D:2      | Found a faded altar of an unknown god.
  1530 | D:3      | Noticed Jessica
  1536 | D:3      | Killed Jessica
  1536 | D:3      | Reached XP level 4. HP: 10/32 MP: 5/7
  1767 | D:3      | Reached skill level 1 in Stealth
  2039 | D:3      | Reached skill level 5 in Unarmed Combat
  2039 | D:3      | Reached XP level 5. HP: 25/37 MP: 4/8
  2355 | D:4      | Found an ancient bone altar of Kikubaaqudgha.
  2439 | D:4      | Noticed a phantom
  2470 | D:4      | Killed a phantom
  2470 | D:4      | Reached XP level 6. HP: 33/44 MP: 4/10
  2482 | D:4      | HP: 2/44 [poisoned by an adder]
  2486 | D:4      | Succumbed to an adder's poison

Levels and vault maps discovered:
D:1:      evilmike_arrival_run_for_it, layout_rooms
D:2:      layout_basic, elyvilon_altar_5, chequers_ecumenical_altar_simple
D:3:      layout_basic, first_ration, uniq_jessica
D:4:      cheibrodos_thug_alley, layout_basic, kiku_gazebo_garden_becter

Skill      XL: |  1  2  3  4  5 |
---------------+----------------+-----
Unarmed Combat | 4 5 |  5.8
Stealth        | 1 |  1.6
Dodging        | 3 |  3.2
Spellcasting   | 3 |  3.0
Transmutations | 3 |  3.0
Fighting       | |  1.8
Poison Magic   | |  0.7

Action                   |  1- 3 |  4- 6 || total
-------------------------+-------+-------++-------
Melee: Unarmed           |   135 |   106 ||   241
       Headbutt          |     5 |     3 ||     8
       Kick              |     4 |     5 ||     9
       Punch             |     1 |     1 ||     2
 Cast: Beastly Appendage |     9 |     6 ||    15
       Spider Form       |       |     3 ||     3
 Abil: Hop               |     3 |     1 ||     4
  Use: Scroll            |     7 |     4 ||    11
       Potion            |       |     8 ||     8
 Stab: Sleeping          |     3 |     4 ||     7
  Eat: Chunk             |     2 |     1 ||     3
       Ration            |       |     1 ||     1
Armor: Robe              |    31 |    14 ||    45
       Skin              |       |     1 ||     1
Dodge: Dodged            |    95 |    82 ||   177

Table legend:
 A = Non-vault XP
 B = Vault XP
 C = Vault XP percentage of total XP
 D = Non-vault monster count
 E = Vault monster count
 F = Vault count percentage of total count
                 A         B        C        D         E       F
            +---------+---------+-------+---------+---------+-------
      Total |     410 |      42 |   9.3 |      74 |       2 |   2.6
            +---------+---------+-------+---------+---------+-------
        D:1 |      38 |       5 |  11.6 |      24 |       1 |   4.0
        D:2 |      24 |       0 |   0.0 |      10 |       0 |   0.0
        D:3 |     104 |      37 |  26.2 |      33 |       1 |   2.9
        D:4 |     244 |       0 |   0.0 |       7 |       0 |   0.0
            +---------+---------+-------+---------+---------+-------
